NWL (28 & UNDER)
CULVER CITY EXTRAS @ BALZAC RAMS
08/13/2029
 
TOP OF THE 1ST
Culver City Extras batting - Pitching for Balzac Rams : RHP Billy Jacobs
Pitching: RHP Billy Jacobs
Batting: LHB Trey Fitzpatrick 0-0: Called Strike
0-1: Foul Ball, location: 2F
0-2: Ball
1-2: Ball
2-2: Foul Ball, location: 2F
2-2: SOLO HOME RUN (Line Drive, 9D), Distance : 438 ft
Batting: RHB Mitchell Darragh 0-0: Called Strike
0-1: DOUBLE (Flyball, 8LXD)
Batting: LHB Iván Espinosa 0-0: Ball
1-0: Called Strike
1-1: SINGLE (Line Drive, 9S)
Mitchell Darragh to third
Batting: LHB Tony Smith 0-0: Called Strike
0-1: Ball
1-1: Ball
2-1: Ball
3-1: Base on Balls
Iván Espinosa to second
Batting: LHB Ramiro Venegas 0-0: Foul Ball, location: 2F
0-1: Fly out, F5 (Popup, 5SF)
Batting: RHB Horace Johnson 0-0: Ball
1-0: Foul Ball, location: 2F
1-1: Swinging Strike
1-2: Strikes out swinging
Batting: LHB Richard Bell 0-0: DOUBLE (Line Drive, 8LXD)
Mitchell Darragh scores
Iván Espinosa scores
Tony Smith to third
Runner from 3rd tries for Home, SAFE, no throw
Batting: RHB Jamie Swyers 0-0: Called Strike
0-1: SINGLE (Groundball, 15S) (infield hit)
Richard Bell to third
Batting: LHB Francisco Chavero 0-0: SINGLE (Line Drive, 6MD)
Richard Bell scores
Jamie Swyers to second
Batting: LHB Trey Fitzpatrick 0-0: SINGLE (Groundball, 6MD)
Jamie Swyers to third
Francisco Chavero to second
Runner from 3rd tries for Home, SAFE, no throw
Batting: RHB Mitchell Darragh 0-0: Called Strike
0-1: Foul Ball, location: 2F
0-2: Ball
1-2: Strikes out swinging
Top of the 1st over - 6 runs, 7 hits, 0 errors, 2 left on base; Culver City 6 - Balzac 0
BOTTOM OF THE 1ST
Balzac Rams batting - Pitching for Culver City Extras : LHP Dennis Morales
Pitching: LHP Dennis Morales
Batting: SHB Emílio Calvillo 0-0: Called Strike
0-1: Ball
1-1: Swinging Strike
1-2: Ball
2-2: Ball
3-2: Strikes out swinging
Batting: LHB Carlos Romero 0-0: DOUBLE (Groundball, 3L)
Batting: RHB Ken Longoria 0-0: Ground out 3-1 (Groundball, 34S)
Carlos Romero to third
Batting: RHB Gunner Allen 0-0: Called Strike
0-1: Ball
1-1: Ball
2-1: Foul Ball, location: 2F
2-2: Ball
3-2: SINGLE (Flyball, 78S)
Carlos Romero scores
Batting: RHB Jason Ward 0-0: Ball
1-0: Foul Ball, location: 2F
1-1: Ball
2-1: Ball
3-1: Called Strike
3-2: Base on Balls
Gunner Allen to second
Batting: LHB Troy Jackson 0-0: Ground out 4-3 (Groundball, 4)
Bottom of the 1st over - 1 run, 2 hits, 0 errors, 2 left on base; Culver City 6 - Balzac 1
TOP OF THE 2ND
Culver City Extras batting - Pitching for Balzac Rams : RHP Billy Jacobs
Batting: LHB Iván Espinosa 0-0: Ball
1-0: Called Strike
1-1: Called Strike
1-2: Ball
2-2: Ball
3-2: Strikes out swinging
Batting: LHB Tony Smith 0-0: Called Strike
0-1: Foul Ball, location: 2F
0-2: Strikes out swinging
Batting: LHB Ramiro Venegas 0-0: Ball
1-0: Swinging Strike
1-1: SINGLE (Line Drive, 4MD)
Batting: RHB Horace Johnson 0-0: Ball
1-0: Foul Ball, location: 2F
1-1: Called Strike
1-2: Ball
2-2: Strikes out swinging, 2-3 out at first.
Top of the 2nd over - 0 runs, 1 hit, 0 errors, 1 left on base; Culver City 6 - Balzac 1
BOTTOM OF THE 2ND
Balzac Rams batting - Pitching for Culver City Extras : LHP Dennis Morales
Batting: RHB Lorenzo Silva 0-0: Ground out 4-3 (Groundball, 34D)
Batting: RHB Ricardo Muńóz 0-0: Foul Ball, location: 2F
0-1: Fly out, F8 (Flyball, 78D)
Batting: RHB Brian Parks 0-0: Fly out, F7 (Flyball, 7)
Bottom of the 2nd over - 0 runs, 0 hits, 0 errors, 0 left on base; Culver City 6 - Balzac 1
TOP OF THE 3RD
Culver City Extras batting - Pitching for Balzac Rams : RHP Billy Jacobs
Batting: LHB Richard Bell 0-0: Ball
1-0: Foul Ball, location: 2F
1-1: Fly out, F5 (Popup, 6S)
Batting: RHB Jamie Swyers 0-0: Ball
1-0: Ball
2-0: Called Strike
2-1: Foul Ball, location: 2F
2-2: Foul Ball, location: 2F
2-2: Ball
3-2: SINGLE (Flyball, 7S)
Batting: LHB Francisco Chavero 0-0: Ball
Jamie Swyers steals 2nd base
1-0: Called Strike
1-1: Fly out, F7 (Line Drive, 7D)
Runner from 2nd tags up, SAFE at 3rd, no throw
Batting: LHB Trey Fitzpatrick 0-0: Ball
1-0: Called Strike
1-1: Called Strike
1-2: Ball
2-2: Foul Ball, location: 2F
2-2: Ground out 4-3 (Groundball, 4)
Top of the 3rd over - 0 runs, 1 hit, 0 errors, 1 left on base; Culver City 6 - Balzac 1
BOTTOM OF THE 3RD
Balzac Rams batting - Pitching for Culver City Extras : LHP Dennis Morales
Batting: SHB Emílio Calvillo 0-0: Called Strike
0-1: Foul Ball, location: 2F
0-2: Foul Ball, location: 2F
0-2: Strikes out swinging
Batting: LHB Carlos Romero 0-0: Called Strike
0-1: Swinging Strike
0-2: Ball
1-2: Fly out, F8 (Flyball, 78D)
Batting: RHB Ken Longoria 0-0: Called Strike
0-1: Called Strike
0-2: Ball
1-2: Foul Ball, location: 2F
1-2: Foul Ball, location: 2F
1-2: Strikes out looking
Bottom of the 3rd over - 0 runs, 0 hits, 0 errors, 0 left on base; Culver City 6 - Balzac 1
TOP OF THE 4TH
Culver City Extras batting - Pitching for Balzac Rams : RHP Billy Jacobs
Batting: RHB Mitchell Darragh 0-0: Ball
1-0: Ball
2-0: Foul Ball, location: 2F
2-1: SINGLE (Line Drive, 56D)
Batting: LHB Iván Espinosa 0-0: Ball
1-0: Swinging Strike
1-1: Ball
2-1: Ball
3-1: Foul Ball, location: 2F
3-2: Strikes out swinging
Batting: LHB Tony Smith 0-0: Ball
1-0: Called Strike
1-1: Called Strike
Mitchell Darragh steals 2nd base
1-2: Ball
2-2: Ball
3-2: SINGLE (Flyball, 7S)
Mitchell Darragh to third
Runner from 3rd tries for Home, SAFE, no throw
Batting: LHB Ramiro Venegas 0-0: Ball
1-0: Called Strike
1-1: Ball
2-1: Ball
3-1: Foul Ball, location: 2F
3-2: Foul Ball, location: 2F
3-2: Foul Ball, location: 2F
3-2: Ground out 1-3 (Groundball, 13)
Tony Smith to second
Batting: RHB Horace Johnson 0-0: Ball
1-0: Called Strike
1-1: Ball
Passed Ball!
Tony Smith to third
2-1: Foul Ball, location: 2F
2-2: Foul Ball, location: 2F
2-2: Ball
3-2: Ground out 2-3 (Groundball, 15S)
Top of the 4th over - 1 run, 2 hits, 0 errors, 1 left on base; Culver City 7 - Balzac 1
BOTTOM OF THE 4TH
Balzac Rams batting - Pitching for Culver City Extras : LHP Dennis Morales
Batting: RHB Gunner Allen 0-0: Ball
1-0: Ball
2-0: Ball
3-0: Base on Balls
Batting: RHB Jason Ward 0-0: Ball
1-0: Swinging Strike
1-1: Ball
2-1: Swinging Strike
2-2: SINGLE (Groundball, 56S) (infield hit)
Gunner Allen to second
Batting: LHB Troy Jackson 0-0: Grounds into double play, 6-4-3 (Groundball, 6)
Gunner Allen to third
Batting: RHB Lorenzo Silva 0-0: Called Strike
0-1: TRIPLE (Line Drive, 89XD)
Gunner Allen scores
Batting: RHB Ricardo Muńóz 0-0: Ball
1-0: Ball
2-0: Ball
3-0: Hit by Pitch
Batting: RHB Brian Parks 0-0: Swinging Strike
0-1: Called Strike
0-2: Strikes out swinging
Bottom of the 4th over - 1 run, 2 hits, 0 errors, 2 left on base; Culver City 7 - Balzac 2
TOP OF THE 5TH
Culver City Extras batting - Pitching for Balzac Rams : RHP Billy Jacobs
Pitching: LHP Edwin Parker
Batting: LHB Richard Bell 0-0: Ball
1-0: Fly out, F8 (Flyball, 78D)
Batting: RHB Jamie Swyers 0-0: Ball
1-0: Ball
2-0: Ground out 6-3 (Groundball, 6)
Batting: LHB Francisco Chavero 0-0: Foul Ball, location: 2F
0-1: Ball
1-1: Called Strike
1-2: Ball
2-2: Foul Ball, location: 2F
2-2: Ball
3-2: Foul Ball, location: 2F
3-2: SINGLE (Groundball, 4D)
Batting: LHB Trey Fitzpatrick 0-0: Called Strike
0-1: Ball
1-1: Called Strike
1-2: Ball
2-2: Strikes out swinging
Top of the 5th over - 0 runs, 1 hit, 0 errors, 1 left on base; Culver City 7 - Balzac 2
BOTTOM OF THE 5TH
Balzac Rams batting - Pitching for Culver City Extras : LHP Dennis Morales
Batting: SHB Emílio Calvillo 0-0: Swinging Strike
0-1: Swinging Strike
0-2: Ball
1-2: Ground out 4-3 (Groundball, 4)
Batting: LHB Carlos Romero 0-0: Fly out, F7 (Flyball, 7LM)
Batting: RHB Ken Longoria 0-0: Ball
1-0: Fly out, F8 (Flyball, 8LS)
Bottom of the 5th over - 0 runs, 0 hits, 0 errors, 0 left on base; Culver City 7 - Balzac 2
TOP OF THE 6TH
Culver City Extras batting - Pitching for Balzac Rams : LHP Edwin Parker
Batting: RHB Mitchell Darragh 0-0: Foul Ball, location: 2F
0-1: Swinging Strike
0-2: Ball
1-2: Foul Ball, location: 2F
1-2: Ball
2-2: Strikes out swinging
Batting: LHB Iván Espinosa 0-0: Ball
1-0: Foul Ball, location: 2F
1-1: Ball
2-1: Foul Ball, location: 2F
2-2: Strikes out swinging
Batting: LHB Tony Smith 0-0: Foul Ball, location: 2F
0-1: Foul Ball, location: 2F
0-2: Ball
1-2: Ball
2-2: Foul Ball, location: 2F
2-2: Foul Ball, location: 2F
2-2: Fly out, F6 (Popup, 6MS)
Top of the 6th over - 0 runs, 0 hits, 0 errors, 0 left on base; Culver City 7 - Balzac 2
BOTTOM OF THE 6TH
Balzac Rams batting - Pitching for Culver City Extras : LHP Dennis Morales
Batting: RHB Gunner Allen 0-0: Ball
1-0: Ball
2-0: Ball
3-0: Swinging Strike
3-1: SINGLE (Groundball, 6MD)
Batting: RHB Jason Ward 0-0: Called Strike
0-1: Ball
1-1: Fly out, F7 (Flyball, 78M)
Batting: LHB Troy Jackson 0-0: Called Strike
Gunner Allen steals 2nd base
0-1: Foul Ball, location: 2F
0-2: Strikes out swinging
Batting: RHB Lorenzo Silva 0-0: Ball
1-0: Called Strike
1-1: Foul Ball, location: 2F
1-2: Ball
Passed Ball!
Gunner Allen to third
2-2: Ground out 6-3 (Groundball, 6)
Bottom of the 6th over - 0 runs, 1 hit, 0 errors, 1 left on base; Culver City 7 - Balzac 2
TOP OF THE 7TH
Culver City Extras batting - Pitching for Balzac Rams : LHP Edwin Parker
Batting: LHB Ramiro Venegas 0-0: Ball
1-0: Called Strike
1-1: Ball
2-1: Ball
3-1: Foul Ball, location: 2F
3-2: Base on Balls
Batting: RHB Horace Johnson 0-0: Ball
1-0: Ball
2-0: Ball
3-0: Called Strike
3-1: Base on Balls
Ramiro Venegas to second
Batting: LHB Richard Bell 0-0: Ball
1-0: Ball
2-0: Ball
3-0: Base on Balls
Ramiro Venegas to third
Horace Johnson to second
Batting: RHB Jamie Swyers 0-0: TRIPLE (Flyball, 89XD)
Ramiro Venegas scores
Horace Johnson scores
Richard Bell scores
Batting: LHB Francisco Chavero 0-0: Ball
1-0: Called Strike
1-1: Swinging Strike
1-2: Ball
2-2: Strikes out swinging
Batting: LHB Trey Fitzpatrick 0-0: Ball
1-0: Called Strike
1-1: Ball
2-1: Foul Ball, location: 2F
2-2: Foul Ball, location: 2F
2-2: Foul Ball, location: 2F
2-2: Strikes out looking
Batting: RHB Mitchell Darragh 0-0: Ball
1-0: Ball
2-0: Swinging Strike
2-1: Ball
3-1: SINGLE (Groundball, 6MD)
Jamie Swyers scores
Batting: LHB Iván Espinosa 0-0: Ball
1-0: SINGLE (Groundball, 34D)
Mitchell Darragh to second
Runner from 2nd tries for 3rd, SAFE, no throw
Batting: LHB Tony Smith 0-0: Ball
1-0: Ground out U3 (Groundball, 3)
Top of the 7th over - 4 runs, 3 hits, 0 errors, 2 left on base; Culver City 11 - Balzac 2
BOTTOM OF THE 7TH
Balzac Rams batting - Pitching for Culver City Extras : LHP Dennis Morales
Now at SS: Dave Anderson
Batting: RHB Ricardo Muńóz 0-0: Foul Ball, location: 2F
0-1: SINGLE (Line Drive, 7)
Batting: RHB Brian Parks 0-0: Ball
1-0: Swinging Strike
1-1: Swinging Strike
1-2: Strikes out swinging
Batting: SHB Emílio Calvillo 0-0: Ball
Ricardo Muńóz steals 2nd base
1-0: Ball
2-0: Foul Ball, location: 2F
2-1: Foul Ball, location: 2F
2-2: Ball
3-2: Base on Balls
Batting: LHB Carlos Romero 0-0: Foul Ball, location: 2F
0-1: Foul Ball, location: 2F
0-2: Ball
1-2: Strikes out swinging
Batting: RHB Ken Longoria 0-0: Ball
1-0: Ball
2-0: Foul Ball, location: 2F
2-1: Foul Ball, location: 2F
2-2: Fly out, F9 (Flyball, 9LSF)
Bottom of the 7th over - 0 runs, 1 hit, 0 errors, 2 left on base; Culver City 11 - Balzac 2
TOP OF THE 8TH
Culver City Extras batting - Pitching for Balzac Rams : LHP Edwin Parker
Batting: LHB Ramiro Venegas 0-0: Ball
1-0: Ball
2-0: Fly out, F8 (Flyball, 8LS)
Batting: RHB Horace Johnson 0-0: Ball
1-0: Ball
2-0: SINGLE (Groundball, 6D)
Batting: LHB Richard Bell 0-0: Called Strike
0-1: Ball
1-1: Ball
2-1: Ball
3-1: Swinging Strike
3-2: Ground out 6-3 (Groundball, 6)
Horace Johnson to second
Batting: RHB Jamie Swyers 0-0: Ball
1-0: SINGLE (Line Drive, 7S)
Horace Johnson to third
Batting: LHB Francisco Chavero 0-0: Ball
1-0: Ball
2-0: Ball
3-0: Called Strike
3-1: Base on Balls
Jamie Swyers to second
Batting: RHB Dave Anderson 0-0: Called Strike
0-1: Ball
1-1: Foul Ball, location: 2F
1-2: Fly out, F7 (Line Drive, 7LD)
Top of the 8th over - 0 runs, 2 hits, 0 errors, 3 left on base; Culver City 11 - Balzac 2
BOTTOM OF THE 8TH
Balzac Rams batting - Pitching for Culver City Extras : LHP Dennis Morales
Now in RF: Joey Boyd
Batting: RHB Gunner Allen 0-0: Ball
1-0: Called Strike
1-1: Called Strike
1-2: Ball
2-2: Ball
3-2: Ground out 6-3 (Groundball, 6D)
Pitching: LHP Alonso Álvarez
Batting: RHB Jason Ward 0-0: Called Strike
0-1: Ball
1-1: Ball
2-1: SINGLE (Groundball, 56D)
Batting: LHB Troy Jackson 0-0: Called Strike
0-1: Grounds into double play, 6-4-3 (Groundball, 6)
Bottom of the 8th over - 0 runs, 1 hit, 0 errors, 0 left on base; Culver City 11 - Balzac 2
TOP OF THE 9TH
Culver City Extras batting - Pitching for Balzac Rams : LHP Edwin Parker
Batting: RHB Mitchell Darragh 0-0: Called Strike
0-1: Ball
1-1: Swinging Strike
1-2: SINGLE (Groundball, 6) (infield hit)
Batting: LHB Iván Espinosa 0-0: Called Strike
0-1: Ball
1-1: Ball
Mitchell Darragh steals 2nd base
2-1: Swinging Strike
2-2: Strikes out looking
Batting: LHB Tony Smith 0-0: Ball
1-0: Called Strike
1-1: Foul Ball, location: 2F
1-2: Foul Ball, location: 2F
1-2: SINGLE (Groundball, 6D)
Mitchell Darragh to third
Runner from 3rd tries for Home, SAFE, no throw
Batting: SHB Joey Boyd 0-0: Called Strike
0-1: Ball
1-1: Called Strike
1-2: Strikes out swinging
Batting: RHB Horace Johnson 0-0: Ball
1-0: Ball
2-0: Ball
3-0: Called Strike
3-1: Base on Balls
Tony Smith to second
Batting: LHB Richard Bell 0-0: DOUBLE (Line Drive, 7LS)
Tony Smith scores
Horace Johnson to third
Runner from 3rd tries for Home, SAFE, no throw
Batting: RHB Jamie Swyers 0-0: Ball
1-0: Fly out, F9 (Flyball, 9S)
Top of the 9th over - 3 runs, 3 hits, 0 errors, 1 left on base; Culver City 14 - Balzac 2
BOTTOM OF THE 9TH
Balzac Rams batting - Pitching for Culver City Extras : LHP Alonso Álvarez
Batting: RHB Lorenzo Silva 0-0: Ball
1-0: Ball
2-0: Called Strike
2-1: Ball
3-1: Base on Balls
Batting: RHB Ricardo Muńóz 0-0: Fielders Choice at 2nd, 3-6 (Groundball, 34)
Batting: RHB Brian Parks 0-0: Ball
1-0: Called Strike
1-1: Swinging Strike
1-2: Strikes out swinging
Batting: SHB Emílio Calvillo 0-0: Called Strike
0-1: Ball
1-1: Ball
2-1: Ball
3-1: Base on Balls
Ricardo Muńóz to second
Batting: LHB Carlos Romero 0-0: Called Strike
0-1: Foul Ball, location: 2F
0-2: Ball
1-2: Ball
2-2: Ball
3-2: Foul Ball, location: 2F
3-2: Foul Ball, location: 2F
3-2: Base on Balls
Ricardo Muńóz to third
Emílio Calvillo to second
Batting: RHB Ken Longoria 0-0: Swinging Strike
0-1: Called Strike
0-2: Strikes out swinging
Bottom of the 9th over - 0 runs, 0 hits, 0 errors, 3 left on base; Culver City 14 - Balzac 2
Saturday, December 16th, 2017 - OOTP Baseball 18.8 Build 76